 Dungeon Crawl Stone Soup version 0.28-a0-503-g83f2989fac (webtiles) character file.

Game seed: 17804722657240306608

17793 spiderkeys the Protected (level 12, 0/77 HPs)
             Began as a Tengu Abyssal Knight on Sept 20, 2021.
             Was a High Priest of Lugonu.
             Slain by a sixfirhy (12 damage)
             ... summoned by a kobold demonologist
             ... on level 11 of the Dungeon.
             The game lasted 00:16:03 (12594 turns).

spiderkeys the Protected (Tengu Abyssal Knight)    Turns: 12594, Time: 00:16:04

Health: 0/77       AC: 14    Str: 25    XL:     12   Next: 51%
Magic:  19/19      EV: 15    Int: 17    God:    Lugonu [*****.]
Gold:   1593       SH:  0    Dex: 15    Spells: 11/11 levels left

rFire   . . .      SeeInvis .   c - +2 lajatang (distort)
rCold   . . .      Faith    .   (shield currently unavailable)
rNeg    . . .      Spirit   .   e - +0 chain mail
rPois   +          Reflect  .   G - +0 hat
rElec   .          Harm     .   f - +1 cloak {rPois}
rCorr   +          Rampage  .   (no gloves)
Will    .....                   (boots unavailable)
Stlth   ..........              D - amulet of Serendipity {Acrobat *Slow rPois Str+7}
HPRegen 0.22/turn               I - +6 ring of intelligence
MPRegen 0.16/turn               R - ring of resist corrosion

@: flying quickly and evasively, quick
A: beak, talons 3, nimble flight
a: Renounce Religion, Depart the Abyss, Bend Space, Banish, Corrupt, Enter the
Abyss


You were on level 11 of the Dungeon.
You worshipped Lugonu.
Lugonu was extremely pleased with you.
You visited 1 branch of the dungeon, and saw 11 of its levels.
You visited the Abyss 1 time.

You collected 1648 gold pieces.
You spent 55 gold pieces at shops.


Innate Abilities, Weirdness & Mutations

You have a beak for a mouth.
You have claws for feet.
Your magical nature lets you fly swiftly and evasively.


   Skills:
 + Level 9.7 Fighting
 - Level 2.1(6.6) Polearms
 + Level 9.9(10.0) Staves
 + Level 10.2 Armour
 + Level 10.0 Dodging
 + Level 8.5 Invocations


You had 11 spell levels left.
You didn't know any spells.
Your spell library contained the following spells:

 Spells                   Type           Power      Damage    Failure   Level
 Animate Skeleton         Necr           0%         N/A       75%         1
 Beastly Appendage        Tmut           0%         N/A       75%         1
 Pain                     Necr           0%         1d4       75%         1
 Ensorcelled Hibernation  Hex/Ice        0%         N/A       87%         2
 Wereblood                Tmut           0%         N/A       87%         2
 Gell's Gravitas          Tloc           0%         N/A       98%         3
 Lesser Beckoning         Tloc           0%         N/A       98%         3
 Spider Form              Tmut/Pois      0%         N/A       98%         3
 Teleport Other           Tloc           0%         N/A       98%         3
 Tukima's Dance           Hex            0%         N/A       98%         3
 Vampiric Draining        Necr           0%         2d6       98%         3

Inventory:

Hand Weapons
 a - a +1 spear
 c - a +2 lajatang of distortion (weapon)
   (You acquired it on level 1 of the Dungeon)
Missiles
 g - 184 stones
 h - 209 arrows
 i - 89 sling bullets
 k - 83 poisoned darts
 m - a curare-tipped dart {=f}
 v - 93 bolts
 L - 10 boomerangs
Armour
 e - a +0 chain mail (worn)
   (You found it on level 1 of the Dungeon)
 f - a +1 cloak of poison resistance (worn)
   (You found it on level 2 of the Abyss)
 G - a +0 hat (worn)
   (You took it off Gastronok on level 8 of the Dungeon)
Jewellery
 D - the amulet of Serendipity (around neck) {Acrobat *Slow rPois Str+7}
   (You found it on level 7 of the Dungeon)

   [amulet of the acrobat]

   It increases your evasion while moving and waiting.
   Str:       It affects your strength (+7).
   rPois:     It protects you from poison.
   *Slow:     It may slow you when you take damage.
 F - a ring of fire
   (You found it on level 10 of the Dungeon)
 I - a +6 ring of intelligence (left hand)
   (You found it on level 6 of the Dungeon)
 R - a ring of resist corrosion (right hand)
   (You found it on level 8 of the Dungeon)
Wands
 b - a wand of iceblast (19)
   (You found it on level 8 of the Dungeon)
 l - a wand of polymorph (12)
   (You found it on level 5 of the Dungeon)
 z - a wand of flame (38)
   (You found it on level 5 of the Dungeon)
Scrolls
 j - 4 scrolls of amnesia
 n - 2 scrolls of identify {@r1}
 s - a scroll of fog {unknown}
 t - 2 scrolls of magic mapping {!r}
 u - 10 scrolls of teleportation {@r4}
 y - a scroll of immolation {unknown}
 A - a scroll of vulnerability {unknown}
 E - a scroll of brand weapon {unknown}
 H - a scroll of torment {unknown}
 J - a scroll of silence {unknown}
Potions
 d - 2 potions of cancellation
 o - 4 potions of lignification {!q}
 p - 2 potions of curing {@q1}
 q - 3 potions of brilliance {unknown}
 r - a potion of resistance
 w - 3 potions of might
 x - a potion of invisibility {unknown}
 B - 2 potions of attraction {unknown}
 C - a potion of flight {unknown}

Dungeon Overview and Level Annotations

Branches:
Dungeon (11/15)            Temple (0/1) D:6
   Lair: D:8-11         Orc: D:9-12

Altars:
Ru

Shops:
D:2 (   D:3 *   D:10 !

Annotations:
Abyss:1 Grum, Maggie

.#...............#
##.#########..######
##.##.##..##..###..#
..........#........#
.........<#........#
#..##..##.#######..#
##'##..##.##########
...#....#....#...#
...+....#....#..@#
###############3#########
###########.###c..#[....#
..........#.c'cK.......#
.......c..c..#.o.......#
.....######..##.3#######
.##### #####..###..#.. .#
#..............
.#############.##########


You could see a kobold demonologist, a sixfirhy (summoned), 2 centaurs and an
orc priest.


Message History

A centaur comes into view. 😮 HP[-11] MP[+1]
You take 11 damage, and now have 40/76 hp.
A centaur comes into view.
The centaur shouts! x3
The quasit bites you but does no damage.
The quasit closely misses you. The quasit completely misses you.
The centaur shoots an arrow.
The arrow completely misses you. The quasit completely misses you.
The quasit barely misses you. The quasit completely misses you.
A centaur comes into view.
The centaur moves out of view.
There is an open door here.
The centaur shoots an arrow.
The arrow misses you. The quasit completely misses you.
The quasit claws you but does no damage.
The quasit closely misses you.
The centaur shoots an arrow.
The arrow completely misses you.
The centaur wields a +0 shortbow.
The centaur shoots an arrow.
The arrow misses you.
The kobold demonologist looks braver for a moment.
The shadow imp shouts, "Get thee gone, thou bootless kobold-kissing skainsmate!" 😮 HP[+1]
You hit the quasit.
Space warps horribly around the quasit!!
You kill the quasit!
The quasit disappears in a puff of smoke!
The centaur shoots an arrow.
The arrow misses you. 😮 MP[+1]
You slice the yak!!
Space bends around the yak.
You claw the yak. The yak gores you. 😮 HP[-2]
You take 2 damage, and now have 39/76 hp.
You slash the yak!
You kill the yak!
Lugonu accepts your kill.
The kobold demonologist mumbles some strange words. 😮 HP[+1]
You now have 77 max hp (+1).
You slash the orc wizard!
The orc wizard blinks!
You closely miss the shadow imp. Your kick misses the shadow imp.
You peck the shadow imp. The shadow imp misses you.
You slash the shadow imp!
You kill the shadow imp!
The shadow imp disappears in a puff of smoke!
The centaur shoots an arrow.
The arrow hits you!
* * * LOW HITPOINT WARNING * * *
😨 HP[-12]
You take 12 damage, and now have 28/77 hp.
You slice the centaur!!
You kill the centaur!
Lugonu accepts your kill.
The centaur shoots an arrow.
The arrow barely misses you. 😨 HP[+1]
You barely miss the centaur. Your kick misses the centaur.
The centaur misses you.
The centaur kicks you but does no damage. 😨 MP[+1]
You hit the centaur.
Space warps horribly around the centaur!!
You kill the centaur!
Lugonu accepts your kill.
You closely miss the centaur. You claw the centaur, but do no damage.
The centaur unwields a +0 shortbow.
The centaur closely misses you. x2
The kobold demonologist gestures wildly while chanting.
You slice the centaur!!
You kill the centaur!
Lugonu accepts your kill. The sixfirhy hits you.
* * * LOW HITPOINT WARNING * * *
The sixfirhy shocks you!
* * * LOW HITPOINT WARNING * * *
The kobold demonologist looks braver for a moment. 😱 HP[-13]
You take 13 damage, and now have 16/77 hp.
Unknown command.
You feel better. The sixfirhy barely misses you. The sixfirhy misses you. x2
The orc priest calls down the wrath of Beogh upon you.
Beogh smites you!
* * * LOW HITPOINT WARNING * * *
The sixfirhy hits you but does no damage.
The kobold demonologist casts a spell. 😱 HP[-2]
You take 2 damage, and now have 14/77 hp.
You completely miss the sixfirhy. Your kick misses the sixfirhy.
The sixfirhy completely misses you. The sixfirhy closely misses you.
The orc priest looks encouraged for a moment.
You miss the sixfirhy. You claw the sixfirhy!
The kobold demonologist looks encouraged for a moment.
You hit the sixfirhy.
Space bends around the sixfirhy.
Your kick misses the sixfirhy.
You peck the sixfirhy, but do no damage. 😱 MP[+1]
Your mp is fully restored (19).
You slash the sixfirhy!
Space bends around the sixfirhy.
Your kick misses the sixfirhy. The sixfirhy barely misses you.
The sixfirhy hits you.
* * * LOW HITPOINT WARNING * * *
The sixfirhy shocks you!
You die...

Skill      XL: |  1  2  3  4  5  6  7  8  9 10 11 12 |
---------------+-------------------------------------+-----
Staves         | 1 2 3 4 5 6 8 9 |  9.9
Invocations    | 2 3 4 5 6 8 |  8.5
Dodging        | 2 3 4 5 6 8 9 10 | 10.0
Armour         | 3 4 5 7 8 9 10 | 10.2
Fighting       | 4 5 6 8 9 |  9.7
Polearms       | |  2.1

Action                   |  1- 3 |  4- 6 |  7- 9 | 10-12 || total
-------------------------+-------+-------+-------+-------++-------
Melee: Lajatang          |    43 |    84 |   158 |   340 ||   625
       Kick              |     9 |    13 |    44 |   110 ||   176
       Peck              |     4 |     8 |    42 |    73 ||   127
       Unarmed           |       |       |       |     1 ||     1
Throw: Dart              |       |       |       |    12 ||    12
Invok: Depart the Abyss  |     1 |       |       |       ||     1
       Bend Space        |       |       |     1 |       ||     1
       Banish            |       |       |       |     2 ||     2
  Use: Scroll            |     5 |       |     4 |     3 ||    12
       Potion            |     2 |     1 |       |     5 ||     8
 Stab: Sleeping          |     1 |       |       |       ||     1
Armor: Leather armour    |     4 |       |       |       ||     4
       Chain mail        |       |    33 |   137 |    97 ||   267
       Skin              |       |     2 |       |    10 ||    12
Dodge: Dodged            |    41 |    42 |   157 |   314 ||   554

Levels and vault maps discovered:
D:1:      dpeg_arrival_arbitrary_c, layout_loops_corners,
          shapermc_ecumenical_altar_pompeii, minmay_pentomino_z4
D:2:      layout_loops_ring, serial_shops, shop, hangedman_decor_opposing
D:3:      layout_basic, nicolae_ru_awakened_eye, serial_shops, shop
D:4:      layout_loops_cross, serial_glass, glass_columns_a, glass_columns_a,
          glass_columns_a, glass_columns_c, glass_columns_b, glass_columns_b,
          glass_columns_a, glass_columns_a, glass_columns_b, glass_columns_a,
          glass_columns_b, glass_columns_b, glass_columns_a, glass_columns_b,
          item_on_display_a
D:5:      layout_gridville, glass_columns_a
D:6:      cheibrodos_fzero, layout_rooms, minmay_temple_entry_antechambers,
          uniq_pikel, uniq_edmund, uniq_maggie
D:7:      layout_rooms, uniq_menkaure
D:8:      layout_loops_cross, gammafunk_ghost_cemetery, uniq_gastronok,
          uniq_erica, uniq_grum, uniq_prince_ribbit1
D:9:      layout_basic
D:10:     layout_basic, serial_shops, shop
D:11:     minmay_quarter_circles, layout_gridville,
          nicolae_trove_entry_free_sample

Notes
Turn   | Place    | Note
-------+----------+-------------------------------------------
     0 | Abyss:1  | spiderkeys the Tengu Abyssal Knight began the quest for the
                  | Orb.
     0 | Abyss:1  | Reached XP level 1. HP: 14/14 MP: 3/3
     0 | Abyss:1  | magus.rc [v1.9.10]
   107 | Abyss:2  | Found a corrupted altar of Lugonu.
   155 | Abyss:2  | Noticed a small abomination
   156 | Abyss:2  | Identified a scroll of acquirement
   157 | D:1      | You pass through the gate.
   157 | D:1      | Escaped the Abyss
   158 | D:1      | Acquired a +1 lajatang of distortion
   572 | D:1      | Reached XP level 2. HP: 14/19 MP: 4/4
   644 | D:1      | Found a faded altar of an unknown god.
   753 | D:1      | Reached * piety under Lugonu
  1117 | D:2      | HP: 2/19 [adder (3)]
  1126 | D:2      | Reached skill level 1 in Staves
  1126 | D:2      | Reached skill level 2 in Invocations
  1126 | D:2      | Reached XP level 3. HP: 16/23 MP: 5/5
  1307 | D:2      | Reached skill level 2 in Dodging
  1307 | D:2      | Reached XP level 4. HP: 13/28 MP: 6/6
  1591 | D:2      | Found Jufikigg's Weapon Shoppe.
  2202 | D:3      | Found Ychucoce's General Store.
  2376 | D:3      | Reached skill level 3 in Armour
  2645 | D:3      | Found a sacrificial altar of Ru.
  2648 | D:3      | Noticed a necrophage
  2652 | D:3      | Banished a necrophage
  2653 | D:3      | Reached skill level 2 in Staves
  2653 | D:3      | Gained mutation: Your magical nature lets you fly swiftly
                  | and evasively. [Tengu growth]
  2653 | D:3      | Reached XP level 5. HP: 33/33 MP: 7/7
  2772 | D:3      | Reached XP level 6. HP: 38/38 MP: 7/9
  2963 | D:4      | Reached skill level 4 in Fighting
  2963 | D:4      | Reached skill level 3 in Dodging
  2963 | D:4      | HP: 5/38 [orc priest/divine providence (14)]
  2965 | D:4      | Reached ** piety under Lugonu
  3120 | D:4      | You pick up a book of Necromancy and begin reading...
  3120 | D:4      | You add the spells Pain, Animate Skeleton and Vampiric
                  | Draining to your library.
  3158 | D:4      | Reached skill level 3 in Invocations
  3528 | D:4      | Reached skill level 3 in Staves
  3633 | D:4      | Reached skill level 4 in Armour
  3633 | D:4      | Reached XP level 7. HP: 36/44 MP: 10/10
  3902 | D:5      | Entered Level 5 of the Dungeon
  3948 | D:5      | Reached skill level 4 in Dodging
  3975 | D:5      | You pick up a book of Displacement and begin reading...
  3975 | D:5      | You add the spells Lesser Beckoning, Gell's Gravitas and
                  | Teleport Other to your library.
  4076 | D:5      | Reached skill level 4 in Staves
  4076 | D:5      | Reached XP level 8. HP: 31/48 MP: 11/11
  4077 | D:5      | Reached skill level 5 in Fighting
  4345 | D:5      | Reached skill level 4 in Invocations
  4906 | D:5      | Reached skill level 5 in Armour
  5112 | D:6      | Noticed Edmund
  5117 | D:6      | Noticed a wraith
  5418 | D:6      | Noticed Maggie
  5425 | D:6      | Reached skill level 5 in Dodging
  5427 | D:6      | Banished Maggie
  5428 | D:6      | Reached skill level 5 in Staves
  5428 | D:6      | Reached XP level 9. HP: 35/55 MP: 13/13
  5437 | D:5      | Killed Edmund
  5675 | D:5      | Reached skill level 6 in Fighting
  5675 | D:5      | Reached skill level 6 in Armour
  5675 | D:5      | Reached skill level 5 in Invocations
  6078 | D:6      | Reached skill level 6 in Dodging
  6511 | D:6      | Noticed Pikel
  6522 | D:6      | Killed Pikel
  6523 | D:6      | Reached skill level 6 in Staves
  6748 | D:6      | Reached *** piety under Lugonu
  6891 | D:6      | Found a staircase to the Ecumenical Temple.
  6977 | D:7      | Noticed Menkaure
  6987 | D:6      | Killed Menkaure
  6988 | D:6      | Reached skill level 7 in Armour
  6991 | D:6      | Reached XP level 10. HP: 60/61 MP: 15/15
  7213 | D:7      | Identified the amulet of Serendipity {Acrobat *Slow rPois
                  | Str+7}
  7254 | D:7      | Reached skill level 7 in Fighting
  7407 | D:7      | Reached skill level 6 in Invocations
  7649 | D:7      | Reached skill level 7 in Dodging
  7952 | D:8      | Reached skill level 7 in Staves
  7979 | D:8      | Noticed Gastronok
  7992 | D:8      | Killed Gastronok
  7993 | D:8      | Reached skill level 8 in Armour
  8272 | D:8      | Reached **** piety under Lugonu
  8399 | D:8      | Noticed Prince Ribbit
  8409 | D:8      | Killed Prince Ribbit
  8410 | D:8      | Reached skill level 8 in Dodging
  8555 | D:8      | You pick up a book of Maledictions and begin reading...
  8555 | D:8      | You add the spells Ensorcelled Hibernation and Tukima's
                  | Dance to your library.
  8609 | D:8      | Reached skill level 8 in Fighting
  8733 | D:8      | Noticed Erica
  8737 | D:8      | Noticed Grum
  8772 | D:8      | Reached skill level 8 in Staves
  8772 | D:8      | Reached XP level 11. HP: 65/68 MP: 17/17
  8781 | D:8      | Banished Grum
  8818 | D:8      | HP: 25/102 [poisoned by Erica (bolt of poison)]
  8822 | D:8      | Killed Erica
  8823 | D:8      | Reached skill level 7 in Invocations
  9477 | D:8      | Found a runed translucent gate.
  9502 | D:8      | Found a runed translucent gate.
  9505 | D:8      | Found a runed translucent gate.
  9506 | D:8      | Noticed SirDiesAlot's ghost (novice MiDe)
  9507 | D:8      | Noticed Spaninq's ghost (novice OgFi)
  9508 | D:8      | You pick up a book of Changes and begin reading...
  9508 | D:8      | You add the spells Beastly Appendage, Wereblood and Spider
                  | Form to your library.
  9546 | D:8      | Killed Spaninq's ghost
  9547 | D:8      | Killed SirDiesAlot's ghost
  9548 | D:8      | Reached skill level 9 in Armour
 10476 | D:10     | Entered Level 10 of the Dungeon
 10574 | D:10     | Reached skill level 9 in Dodging
 10755 | D:10     | Reached ***** piety under Lugonu
 10844 | D:10     | Found Ututwoqu's Distillery.
 10852 | D:10     | Bought a potion of heal wounds for 55 gold pieces
 10935 | D:10     | Reached skill level 9 in Staves
 11209 | D:10     | Reached skill level 9 in Fighting
 11753 | D:11     | Acquired 976 gold pieces
 11791 | D:11     | Noticed a two-headed ogre
 11798 | D:11     | Killed a two-headed ogre
 11799 | D:11     | Reached skill level 8 in Invocations
 11799 | D:11     | Reached XP level 12. HP: 41/76 MP: 17/19
 12012 | D:11     | Noticed a two-headed ogre
 12019 | D:11     | Killed a two-headed ogre
 12116 | D:11     | Noticed a boulder beetle
 12117 | D:11     | Noticed a boulder beetle
 12180 | D:11     | Killed a boulder beetle
 12378 | D:11     | Banished a boulder beetle
 12388 | D:11     | Noticed a boulder beetle
 12394 | D:11     | Killed a boulder beetle
 12395 | D:11     | Reached skill level 10 in Armour
 12532 | D:11     | Noticed an eight-headed hydra
 12539 | D:11     | HP: 17/76 [eight-headed hydra (12)]
 12540 | D:11     | Banished an eight-headed hydra
 12541 | D:11     | Reached skill level 10 in Dodging
 12589 | D:11     | HP: 16/77 [sixfirhy[a kobold demonologist] (12)]
 12594 | D:11     | HP: 12/77 [sixfirhy[a kobold demonologist] (2)]
 12594 | D:11     | Slain by a sixfirhy

Vanquished Creatures
  Gastronok (D:8)
  2 boulder beetles (D:11)
  Erica (D:8)
  2 two-headed ogres (D:11)
  The ghost of Spaninq the Fighter, a novice OgFi of Okawaru (D:8)
  The ghost of SirDiesAlot the Chopper, a novice MiDe of the Shining One (D:8)
  Pikel (D:6)
  2 slime creatures (D:8)
  A kobold demonologist (D:9)
  A hornet (D:10)
  Prince Ribbit (D:8)
  A meliai zombie (D:10)
  2 shadows
  2 wraiths
  13 yaks
  Menkaure (D:6)
  Edmund (D:5)
  A water moccasin (D:7)
  2 ice beasts
  An orc warrior (D:10)
  2 black bears (D:5)
  A necrophage (D:5)
  3 wolves (D:8)
  2 ogres
  A lemure (D:6)
  10 centaurs
  3 phantoms
  A bullfrog (D:9)
  4 kobold brigands
  3 scorpions
  2 gnoll sergeants
  5 killer bees
  10 wights
  2 howler monkeys
  A bullfrog zombie (D:5)
  2 centaur zombies
  2 hounds (D:5)
  2 jellies
  6 orc priests
  2 gnoll shamans
  A centaur skeleton (D:6)
  4 orc wizards
  4 iguanas
  A hound skeleton (D:5)
  A howler monkey zombie (D:11)
  11 adders
  18 gnolls
  A howler monkey skeleton (D:6)
  A shadow imp (D:7)
  A white imp (D:5)
  An ufetubus (D:5)
  2 worms (D:5)
  A dart slug (D:4)
  15 orcs
  5 ball pythons
  3 endoplasms
  A giant cockroach (D:3)
  7 goblins
  3 hobgoblins (D:1)
  3 jackals (D:4)
  A quokka (D:2)
  5 bats
  3 frilled lizards
  31 kobolds
  A quokka skeleton (D:4)
  7 rats
234 creatures vanquished.

Vanquished Creatures (others)
  A withered plant (D:8)
1 creature vanquished.

Grand Total: 235 creatures vanquished

Table legend:
 A = Non-vault XP
 B = Vault XP
 C = Vault XP percentage of total XP
 D = Non-vault monster count
 E = Vault monster count
 F = Vault count percentage of total count
                 A         B        C        D         E       F
            +---------+---------+-------+---------+---------+-------
      Total |   12166 |   13253 |  52.1 |     206 |      39 |  15.9
            +---------+---------+-------+---------+---------+-------
        D:1 |      22 |       5 |  18.5 |      15 |       3 |  16.7
        D:2 |      92 |       0 |   0.0 |      15 |       0 |   0.0
        D:3 |     210 |       0 |   0.0 |      15 |       0 |   0.0
        D:4 |     353 |       0 |   0.0 |      22 |       0 |   0.0
        D:5 |     972 |     728 |  42.8 |      21 |       8 |  27.6
        D:6 |     677 |    1664 |  71.1 |      12 |      10 |  45.5
        D:7 |     565 |       0 |   0.0 |      16 |       0 |   0.0
        D:8 |    2587 |    5703 |  68.8 |      35 |       9 |  20.5
        D:9 |    1272 |       0 |   0.0 |      21 |       0 |   0.0
       D:10 |    2872 |       0 |   0.0 |      21 |       0 |   0.0
       D:11 |    2544 |    5153 |  66.9 |      13 |       9 |  40.9
            +---------+---------+-------+---------+---------+-------

Illustrated notes

Table legend:
 A = Kills in this place as a percentage of kills in entire the game.
 B = Kills by you in this place as a percentage of kills by you in the entire game.
 C = Kills by friends in this place as a percentage of kills by friends in the entire game.
 D = Other kills in this place as a percentage of other kills in the entire game.
 E = Experience gained in this place as a percentage of experience gained in the entire game.
 F = Experience gained in this place divided by the number of levels of this place that you have seen.
                   A       B       C       D       E      F
               +-------+-------+-------+-------+-------+----------------------
         Total | 100.0 | 100.0 |   N/A | 100.0 | 100.0 | 1955.3
       Dungeon | 100.0 | 100.0 |   N/A | 100.0 | 100.0 | 2310.8
               +-------+-------+-------+-------+-------+----------------------

Table legend: (Time is in decaauts)
 A = Elapsed time spent in this place.
 B = Non-inter-level travel time spent in this place.
 C = Inter-level travel time spent in this place.
 D = Time resting spent in this place.
 E = Time spent auto-exploring this place.
 F = Levels seen in this place.
 G = Mean time per level.
                   A        B        C        D        E       F      G
               +--------+--------+--------+--------+--------+-----+--------+
         Total |  12261 |  12027 |    234 |   2157 |   8114 |  13 |  943.2 |
       Dungeon |  12104 |  11870 |    234 |   2157 |   8027 |  11 | 1100.4 |
         Abyss |    156 |    156 |      0 |      0 |     87 |   2 |   78.0 |
               +--------+--------+--------+--------+--------+-----+--------+

Top non-repeatable levels by time:
     D:5: 2066 daAuts
     D:8: 1666 daAuts
     D:6: 1156 daAuts
     D:2: 1099 daAuts
    D:10: 1026 daAuts
     D:9: 987 daAuts
     D:1: 962 daAuts
     D:4: 901 daAuts
    D:11: 826 daAuts
     D:3: 734 daAuts
     D:7: 677 daAuts
 Abyss:1: 103 daAuts
 Abyss:2: 53 daAuts
